 Dungeon Crawl Stone Soup version 0.29.1-4-g47bece8355 (webtiles) character file.

Game seed: 9503278605049370094

1039 Goya the Poker (level 8, -27/66 HPs)
             Began as a Red Draconian Gladiator on Dec 10, 2022.
             Was a Priest of Jiyva.
             Hit by a large rock thrown by a cyclops (33 damage)
             ... on level 9 of the Dungeon.
             The game lasted 00:16:29 (2712 turns).

Goya the Poker (Red Draconian Gladiator)            Turns: 2712, Time: 00:16:29

Health: -27/66     AC:  6    Str: 13 (16) XL:     8   Next: 4%
Magic:  11/11      EV: 28    Int:  9 (11) God:    Jiyva [***...]
Gold:   99         SH:  0    Dex: 11 (13) Spells: 7/11 levels left

rFire   . . .      SeeInvis .   k - +5 lochaber axe {reach-cleave, poleaxe}
rCold   + . .      Faith    .   (shield currently unavailable)
rNeg    . . .      Spirit   .   (body armour unavailable)
rPois   .          Reflect  .   b - +0 hat
rElec   .          Harm     .   (no cloak)
rCorr   +          Rampage  .   (no gloves)
Will    .....                   (no boots)
Stlth   ++........              i - amulet of the acrobat
HPRegen 1.33/turn               e - +4 ring of slaying
MPRegen 0.47/turn               l - ring of ice

@: short of breath, acrobatic
A: breathe fire, AC +6, unfitting armour, fire resistance 1, cold-blooded
a: Breathe Fire, Renounce Religion, Oozemancy


You were on level 9 of the Dungeon.
You worshipped Jiyva.
Jiyva was most pleased with you.
You visited 1 branch of the dungeon, and saw 5 of its levels.

You collected 99 gold pieces.

Inventory:

Hand Weapons
 k - the +5 lochaber axe (weapon) {reach-cleave, poleaxe}
   (You found it on level 2 of the Dungeon)

   It can be evoked to extend its reach, and strikes at all foes within reach,
   dealing less damage to those not targeted.
   It uses either Axes or Polearms skill, whichever is higher.
Armour
 b - a +0 hat (worn)
Jewellery
 e - a +4 ring of slaying (left hand)
 i - an amulet of the acrobat (around neck)
 l - a ring of ice (right hand)
Scrolls
 a - 3 scrolls of amnesia
 j - a scroll of vulnerability
Potions
 g - a potion of lignification


   Skills:
 * Level 3.7 Fighting
 * Level 2.2(3.9) Axes
 * Level 5.1(6.1) Polearms
 * Level 4.2(5.4) Staves
 * Level 2.8 Throwing
 * Level 3.7 Dodging
 * Level 2.2 Stealth
 * Level 2.0 Spellcasting
 * Level 2.1 Summonings


You had 7 spell levels left.
You knew the following spells:

 Your Spells              Type           Power      Damage    Failure   Level
a - Summon Small Mammal   Summ           16%        N/A       14%         1
b - Call Canine Familiar  Summ           4%         N/A       38%         3

Your spell library contained the following spells:

 Spells                   Type           Power      Damage    Failure   Level
 Slow                     Hex            0%         N/A       32%         1
 Summon Guardian Golem    Hex/Summ       2%         N/A       54%         3
 Confusing Touch          Hex            0%         N/A       69%         3
 Vampiric Draining        Necr           0%         2d6       69%         3


Dungeon Overview and Level Annotations

Branches:
Dungeon (6/15)               Lair (0/5) D:9             Orc (0/2) D:9
 Temple: D:4-7

Altars:
Fedhas
Jiyva

Shops:
D:1 (


Innate Abilities, Weirdness & Mutations

You can breathe blasts of fire.
Your fiery red scales are hard. (AC +6)
You cannot fit into any form of body armour.
Your flesh is heat resistant. (rF+)
You are cold-blooded and may be slowed by cold attacks.


Message History

You slash the orc!
You kill the orc!
The jelly hits the warg.
The warg is splashed with acid!
The acid corrodes the warg!
The warg closely misses you.
The jelly hits the warg.
The warg is splashed with acid.
The warg seems to be corroded for longer.
The warg bites you but does no damage.
You closely miss the warg.
The warg is severely wounded.
The warg bites you.
The jelly hits the warg.
The warg is splashed with acid.
The warg seems to be corroded for longer.
The warg barely misses you.
The jelly hits the warg.
The warg is splashed with acid.
You slash the warg!
You kill the warg!
You hear a slurping noise.
Things that are here:
a +2 vorpal mace; a +0 ring mail; an orc corpse
Found a stone staircase leading up.
You hear a slurping noise.
Jiyva will now mutate your body as you gain piety.
You can now call acidic ooze from nearby walls.
You have got your breath back. 2 cyclopes come into view.
The cyclops shouts!
The cyclops shouts!
The cyclops throws a large rock.
The large rock hits you!
Press: ? - help, v - describe, . - travel The floor.
Aiming: Breathe Fire (4% risk of failure)
Press: ? - help, Shift-Dir - straight line, f - cyclops
Aim: a cyclops, quivering large rocks (97% to hit)
You breathe a blast of fire.
The fiery breath misses the cyclops.
The cyclops throws a large rock.
The large rock hits you!!
Unknown command.
The cyclops throws a large rock.
The large rock hits you!!
* * * LOW HITPOINT WARNING * * *
The cyclops throws a large rock.
The large rock hits you!!
Ouch! That really hurt!
You die...

....##
##...........#
...##
##..........# ..##
##..J...####
##.....# ##....#
#....# ♣♣♣ #....#
♣#..#♣♣♣♣♣♣♣#....#
♣..C.....@.......#
#
♣...C............#
#
♣#○.#♣♣♣♣♣♣♣#....#
# ♣♣♣♣ #.....# #
#.....# ## #...###
.## #....# ..##
##.....# ...##
##......#


You could see 2 cyclopes.

Vanquished Creatures
  A shadow (D:9)
  A warg (D:9)
  An orc warrior (D:6)
  A kobold brigand (D:9)
  A bullfrog (D:9)
  A gnoll sergeant (D:9)
  5 wights (D:9)
  A jelly (D:9)
  Crazy Yiuf (D:2)
  4 orc priests
  3 orc wizards
  6 gnolls
  An adder (D:3)
  A worm (D:2)
  5 orcs (D:9)
  2 ball pythons
  3 bats (D:1)
  An endoplasm (D:2)
  A giant cockroach (D:1)
  2 goblins
  3 hobgoblins
  4 jackals (D:1)
  3 quokkas
  6 frilled lizards
  11 kobolds
  5 rats
74 creatures vanquished.

Vanquished Creatures (others)
  A steam dragon (D:9)
  A killer bee (D:6)
  9 jellies
  An orc priest (D:9)
  An orc wizard (D:9)
  A gnoll (D:9)
  An adder (D:2)
  An ufetubus (D:6)
  5 orcs
  2 giant cockroaches
  A goblin (D:9)
  A jackal (D:1)
  A frilled lizard (D:1)
  2 rats
28 creatures vanquished.

Grand Total: 102 creatures vanquished

Notes
Turn   | Place    | Note
-------+----------+-------------------------------------------
     0 | D:1      | Goya the Draconian Gladiator began the quest for the Orb.
     0 | D:1      | Reached XP level 1. HP: 17/17 MP: 1/1
   136 | D:1      | Reached XP level 2. HP: 24/24 MP: 2/2
   142 | D:1      | Learned a level 1 spell: Summon Small Mammal
   189 | D:1      | You fall into a shaft and drop 1 floor!
   220 | D:2      | Reached XP level 3. HP: 25/30 MP: 3/3
   359 | D:2      | Found the +5 lochaber axe {reach-cleave, poleaxe}
   469 | D:2      | Found a faded altar of an unknown god.
   504 | D:2      | Prayed at the altar of an unknown god.
   504 | D:2      | Became a worshipper of Jiyva Jacatipo the Shapeless
   504 | D:2      | Reached * piety under Jiyva
   601 | D:2      | Found a runed translucent door.
   602 | D:2      | Noticed Crazy Yiuf
   609 | D:2      | Killed Crazy Yiuf
   610 | D:2      | Reached XP level 4. HP: 37/37 MP: 4/4
   658 | D:2      | Reached skill level 1 in Stealth
  1016 | D:1      | Found Vedyzogg's Weapon Emporium.
  1035 | D:1      | Reached skill level 1 in Polearms
  1717 | D:3      | Reached skill level 1 in Axes
  1738 | D:3      | Reached ** piety under Jiyva
  1765 | D:3      | You fall into a shaft and drop 3 floors!
  1844 | D:6      | Noticed an orc warrior
  1953 | D:6      | Killed an orc warrior
  1954 | D:6      | Reached skill level 2 in Polearms
  1954 | D:6      | Reached skill level 1 in Spellcasting
  1954 | D:6      | Reached skill level 1 in Summonings
  1954 | D:6      | Reached XP level 5. HP: 26/42 MP: 6/6
  1961 | D:6      | Reached XP level 6. HP: 36/50 MP: 7/7
  2030 | D:6      | You fall into a shaft and drop 3 floors!
  2080 | D:9      | Reached skill level 3 in Polearms
  2099 | D:9      | Your scales start taking on a fiery red colour.
  2099 | D:9      | Reached XP level 7. HP: 31/57 MP: 9/9
  2099 | D:9      | Gained mutation: Your flesh is heat resistant. (rF+) [Red
                  | Draconian growth]
  2100 | D:9      | Reached skill level 4 in Polearms
  2157 | D:9      | Learned a level 3 spell: Call Canine Familiar
  2260 | D:9      | Noticed a shadow
  2262 | D:9      | Noticed a hornet
  2279 | D:9      | Killed a shadow
  2279 | D:9      | Killed a steam dragon
  2359 | D:9      | HP: 4/85 [gnoll sergeant/+2 spear of pain (4)]
  2363 | D:9      | Reached skill level 5 in Polearms
  2363 | D:9      | Reached XP level 8. HP: 7/66 MP: 8/11
  2471 | D:9      | Found a staircase to the Lair.
  2486 | D:9      | Found a staircase to the Orcish Mines.
  2655 | D:9      | Found a blossoming altar of Fedhas.
  2671 | D:9      | Reached *** piety under Jiyva
  2707 | D:9      | Noticed a cyclops
  2707 | D:9      | Noticed a cyclops
  2712 | D:9      | Hit by a large rock thrown by a cyclops

Illustrated notes

Levels and vault maps discovered:
D:1:      minmay_arrival_arboretum_small, layout_loops_ring, serial_shops,
          shop_fountains, minmay_tree_intersection, minmay_cut_off
D:2:      layout_basic, nicolae_ecumenical_pavilion,
          chequers_serial_rivers_micro_c, grunt_decor_one_mirror,
          uniq_crazy_yiuf_cottage
D:3:      layout_basic, uniq_robin
D:6:      layout_basic, minmay_temple_entry_mist, corner_web_ring
D:9:      kennysheep_big_flooded_room, layout_irregular_city,
          mainiacjoe_overflow_alcove_2, lair_entry_dummy, erik_orc_4

Skill      XL: |  1  2  3  4  5  6  7 |
---------------+----------------------+-----
Dodging        | 3 |  3.7
Throwing       | 2 |  2.8
Stealth        | 1 2 |  2.2
Polearms       | 2 3 5 |  5.1
Axes           | 1 2 |  2.2
Spellcasting   | 1 2 |  2.0
Summonings     | 1 2 |  2.1
Fighting       | 3 |  3.7
Staves         | 4 |  4.2

Action                   |  1- 3 |  4- 6 |  7- 9 || total
-------------------------+-------+-------+-------++-------
Melee: Quarterstaff      |    16 |       |       ||    16
       Battleaxe         |    14 |       |       ||    14
       Lochaber axe      |     8 |    56 |    22 ||    86
       Tailslap          |     3 |     9 |     1 ||    13
Throw: Throwing net      |     1 |     4 |     1 ||     6
       Javelin           |       |       |     1 ||     1
 Cast: Summon Small Mamm |       |     4 |       ||     4
       Call Canine Famil |       |       |     1 ||     1
 Abil: Breathe Fire      |       |       |     8 ||     8
  Use: Scroll            |     1 |     2 |       ||     3
       Potion            |       |       |     3 ||     3
 Stab: Sleeping          |     1 |     2 |       ||     3
       Distracted        |     1 |     1 |       ||     2
       Held in net/web   |       |     1 |       ||     1
Armor: Skin              |     9 |    21 |    35 ||    65
Dodge: Dodged            |    24 |    64 |    17 ||   105
